 Dungeon Crawl Stone Soup version 0.29.1-15-g9cfb28693d (webtiles) character file.

Game seed: 13560392233473496734

1595 jtron the Summoner (level 8, -1/38 HPs)
             Began as a Felid Summoner on Feb 26, 2023.
             Was an Initiate of Gozag.
             Slain by a vampire mosquito (8 damage)
             ... on level 7 of the Dungeon on Feb 27, 2023.
             The game lasted 00:57:02 (9923 turns).

jtron the Summoner (Felid Summoner)                 Turns: 9923, Time: 00:57:02

Health: -1/38      AC:  6    Str: 10    XL:     8   Next: 62%
Magic:  21/21      EV: 19    Int: 21    God:    Gozag
Gold:   472        SH:  5    Dex: 16    Spells: 10/23 levels left
                                        Lives:  0   Deaths: 2

rFire   . . .      SeeInvis +     - Unarmed
rCold   . . .      Faith    .   (shield unavailable)
rNeg    . . .      Spirit   .   (body armour unavailable)
rPois   .          Reflect  +   (helmet unavailable)
rElec   .          Harm     .   (cloak unavailable)
rCorr   .          Rampage  .   (gloves unavailable)
Will    +....                   (boots unavailable)
Stlth   +++.......              n - amulet of reflection
HPRegen 0.12/turn               h - +6 ring of strength
MPRegen 0.17/turn               o - +4 ring of protection

@: quick
A: very small, claws 1, fangs 3, see invisible, speed 1, shaggy fur 2, stealthy
paws, no weapons or thrown items, no armour, multi-lived
a: Renounce Religion, Potion Petition, Call Merchant, Bribe Branch


You were on level 7 of the Dungeon.
You worshipped Gozag.
Gozag was aware of your devotion.
You visited 2 branches of the dungeon, and saw 8 of its levels.

You collected 1055 gold pieces.
You spent 32 gold pieces at shops.
You paid 551 gold pieces to Gozag.

Inventory:

Jewellery
 c - an amulet of guardian spirit
 h - a +6 ring of strength (left paw)
 j - a ring of ice
 n - an amulet of reflection (around neck)
 o - a +4 ring of protection (right paw)
Wands
 a - a wand of roots (5)
 b - a wand of flame (27)
 f - a wand of charming (5)
 i - a wand of quicksilver (2)
 p - a wand of mindburst (18)
Scrolls
 m - 2 scrolls of butterflies
Potions
 d - 2 potions of mutation
 e - 3 potions of brilliance
 l - a potion of cancellation


   Skills:
 * Level 6.1 Fighting
 + Level 4.5 Dodging
 + Level 5.0 Stealth
 + Level 1.5 Unarmed Combat
 + Level 8.1 Spellcasting
 + Level 2.2 Hexes
 + Level 8.7 Summonings
 * Level 3.2 Air Magic
 + Level 1.8 Evocations


You had 10 spell levels left.
You knew the following spells:

 Your Spells              Type           Power      Damage    Failure   Level
a - Summon Small Mammal   Summ           100%       N/A       1%          1
b - Call Imp              Summ           45%        N/A       1%          2
c - Call Canine Familiar  Summ           45%        N/A       1%          3
d - Summon Guardian Gole  Hex/Summ       31%        N/A       2%          3
e - Summon Lightning Spi  Summ/Air       33%        N/A       7%          4

Your spell library contained the following spells:

 Spells                   Type           Power      Damage    Failure   Level
 Freeze                   Ice            32%        1d5       8%          1
 Magic Dart               Conj           32%        1d4       8%          1
 Searing Ray              Conj           16%        2d5       12%         2
 Frozen Ramparts          Ice            16%        1d3       24%         3
 Fulminant Prism          Conj/Hex       6%         3d7       45%         4
 Hailstorm                Conj/Ice       8%         3d4       61%         4


Dungeon Overview and Level Annotations

Branches:
Dungeon (7/15)             Temple (1/1) D:4

Altars:
Ashenzari
Cheibriados
Dithmenos
Elyvilon
Fedhas
Gozag
Hepliaklqana
Kikubaaqudgha
Makhleb
Nemelex Xobeh
Okawaru
Qazlal
Ru
Trog
Uskayaw
Vehumet
Wu Jian
Zin
The Shining One

Shops:
D:2 *   D:4 :   D:6 [   D:7 ?

Annotations:
D:7 2 runed translucent doors


Innate Abilities, Weirdness & Mutations

You have sharp claws.
You have razor-sharp teeth.
You have supernaturally acute eyesight. (SInv)
You cover ground quickly. (Speed+)
You are covered in thick fur. (AC +2)
Your paws help you pounce on unaware monsters.
You are incapable of wielding weapons or throwing items.
You cannot wear armour.
You gain extra lives every three experience levels.


Message History

The vampire mosquito misses you.
You closely miss the vampire mosquito.
The vampire mosquito completely misses you.
The vampire mosquito closely misses you.
You scratch the vampire mosquito.
The vampire mosquito is lightly damaged.
The vampire mosquito misses you. The vampire mosquito bites you!
The vampire mosquito draws strength from your injuries!
You scratch the vampire mosquito.
The vampire mosquito is lightly damaged.
The vampire mosquito closely misses you. x2
You barely miss the vampire mosquito.
The vampire mosquito is lightly damaged.
The vampire mosquito misses you.
You scratch the vampire mosquito.
The vampire mosquito is moderately damaged.
The vampire mosquito closely misses you.
You block the vampire mosquito's attack.
You miss the vampire mosquito.
The vampire mosquito is moderately damaged.
The vampire mosquito bites you.
The vampire mosquito draws strength from your injuries!
The vampire mosquito closely misses you.
You barely miss the vampire mosquito.
The vampire mosquito is lightly damaged.
The vampire mosquito bites you!
The vampire mosquito draws strength from your injuries!
The vampire mosquito bites you!
* * * LOW HITPOINT WARNING * * *
The vampire mosquito draws strength from your injuries!
You miss the vampire mosquito.
The vampire mosquito closely misses you. x2
You barely miss the vampire mosquito. The vampire mosquito bites you.
* * * LOW HITPOINT WARNING * * *
The vampire mosquito draws strength from your injuries!
You block the vampire mosquito's attack.
You completely miss the vampire mosquito.
The vampire mosquito barely misses you. The vampire mosquito bites you!
You die...
Your body crumbles into a pile of gold.

...##.......##............#####
#.....#.....##)##.........'...#
##.#......................###.#
##.....#.#.#...###........# #.#
.#.....#.#.##..# #........# #.#
.#.......#'#...# #........###.#
.............#.# #........'...#
#.#.###......#.###........#######
#..............#@y...<....'...M○☼
##.#...........#.#........#######
##.............#.##'#'###.......#
.##..........#.#.##.#.###)#####.#
..#..#.......#.#.##.#.......##..#
..##.........#.#.##.#.###'#.##.##
######.......#...##.........##.##
..#.####...#.##..##.........##.##
#...######...##...#........###.##


You could see a vampire mosquito.

Vanquished Creatures
  Joseph (D:7)
  Prince Ribbit (D:4)
  A howler monkey (D:7)
  A jelly (D:7)
  An iguana (D:5)
  An orc wizard (D:5)
  6 gnolls
  3 orcs (D:6)
  3 ball pythons
  2 hobgoblins
  2 jackals (D:5)
  A kobold (D:2)
  A quokka (D:2)
  2 bats (D:1)
  A frilled lizard (D:2)
  5 rats (D:3)
32 creatures vanquished.

Vanquished Creatures (collateral kills)
  A two-headed ogre (D:7)
  A manticore (D:7)
  3 vampire mosquitoes
  3 black bears
  An ice beast (D:5)
  2 ogres (D:6)
  2 centaurs
  A phantom (D:5)
  A kobold brigand (D:4)
  A gnoll sergeant (D:7)
  2 bullfrogs
  2 necrophages (D:5)
  A scorpion (D:4)
  2 howler monkeys (D:6)
  2 orc priests
  Crazy Yiuf (D:3)
  A jelly (D:6)
  3 gnoll boudas
  2 orc wizards
  5 iguanas
  10 gnolls
  4 adders
  A white imp (D:5)
  4 worms
  3 dart slugs
  12 orcs
  7 ball pythons
  2 bats
  7 endoplasms
  A giant cockroach (D:3)
  8 goblins
  9 hobgoblins
  11 kobolds
  2 quokkas (D:1)
  2 frilled lizards
  5 rats
125 creatures vanquished.

Vanquished Creatures (others)
  Menkaure (D:7)
  A howler monkey (D:5)
  A gnoll bouda (D:7)
  A gnoll (D:5)
4 creatures vanquished.

Grand Total: 161 creatures vanquished

Notes
Turn   | Place    | Note
-------+----------+-------------------------------------------
     0 | D:1      | jtron the Felid Summoner began the quest for the Orb.
     0 | D:1      | Reached XP level 1. HP: 7/7 MP: 4/4
   133 | D:1      | Found a faded altar of an unknown god.
   150 | D:1      | Reached XP level 2. HP: 12/12 MP: 4/6
   161 | D:1      | Reached skill level 1 in Fighting
   261 | D:1      | Learned a level 2 spell: Call Imp
   719 | D:1      | Reached XP level 3. HP: 15/15 MP: 3/7
   757 | D:1      | Learned a level 3 spell: Call Canine Familiar
  1349 | D:2      | Reached XP level 4. HP: 19/19 MP: 1/8
  1836 | D:2      | Found Opobb's General Store.
  1855 | D:2      | Found the +9 staff of Wucad Mu {*channel}
  2093 | D:2      | Reached skill level 5 in Summonings
  2502 | D:3      | Found a hide-covered altar of Uskayaw.
  2993 | D:3      | Found a shadowy altar of Dithmenos.
  3017 | D:3      | Found a glowing golden altar of the Shining One.
  3020 | D:3      | Found a bloodstained altar of Trog.
  3031 | D:3      | Found a sparkling altar of Nemelex Xobeh.
  3171 | D:3      | Found a runed translucent door.
  3172 | D:3      | Noticed Crazy Yiuf
  3211 | D:3      | Killed Crazy Yiuf
  3212 | D:3      | Reached skill level 1 in Hexes
  3212 | D:3      | Reached XP level 5. HP: 22/22 MP: 2/10
  3300 | D:3      | Found a stormy altar of Qazlal.
  3402 | D:3      | Found a radiant altar of Vehumet.
  3403 | D:3      | Found an iron altar of Okawaru.
  3469 | D:4      | Learned a level 3 spell: Summon Guardian Golem
  3924 | D:4      | Found a glowing silver altar of Zin.
  3924 | D:4      | Found an ancient bone altar of Kikubaaqudgha.
  3925 | D:4      | Found a broken altar of Ashenzari.
  4074 | D:4      | Found a burning altar of Makhleb.
  4283 | D:4      | Gained mutation: You are covered in thick fur. (AC +2)
                  | [Felid growth]
  4283 | D:4      | Reached XP level 6. HP: 20/26 MP: 6/12
  4552 | D:4      | Found a staircase to the Ecumenical Temple.
  4558 | Temple   | Entered the Ecumenical Temple
  4567 | Temple   | Became a worshipper of Gozag Ym Sagoz the Greedy
  4692 | D:4      | Found a hazy altar of Hepliaklqana.
  4791 | D:4      | Found Kegg's Book Shop.
  4832 | D:4      | Found a snail-covered altar of Cheibriados.
  5493 | D:5      | Entered Level 5 of the Dungeon
  5494 | D:5      | Noticed Prince Ribbit
  5825 | D:5      | Noticed an ice beast
  5922 | D:4      | Killed Prince Ribbit
  5923 | D:4      | Reached skill level 5 in Spellcasting
  5923 | D:4      | Reached XP level 7. HP: 28/30 MP: 4/15
  6362 | D:5      | Identified the +8 battleaxe "Kepaf" {vorpal, Int+2 Dex+2}
  6577 | D:5      | Reached skill level 1 in Unarmed Combat
  6577 | D:5      | Reached XP level 8. HP: 34/34 MP: 11/17
  6598 | D:5      | Reached skill level 1 in Air Magic
  6942 | D:5      | Reached skill level 1 in Evocations
  8169 | D:6      | Found Acetix's Armour Shoppe.
  8528 | D:7      | Reached XP level 9. HP: 35/39 MP: 20/20
  8569 | D:6      | Learned a level 4 spell: Summon Lightning Spire
  8622 | D:7      | Noticed Joseph
  8628 | D:7      | Shot with a sling bullet by Joseph
  8629 | D:7      | Reached XP level 8. HP: 0/36 MP: 16/19
  8638 | D:7      | Found Mamuwk's Magic Scroll Boutique.
  8657 | D:7      | Bought a scroll of identify for 32 gold pieces
  8817 | D:7      | Found a runed translucent door.
  8817 | D:7      | Found a runed translucent door.
  8817 | D:7      | Noticed a troll
  8817 | D:7      | Noticed a manticore
  8817 | D:7      | Noticed a boulder beetle
  8919 | D:7      | Noticed a manticore
  8922 | D:7      | Killed Joseph
  8923 | D:7      | Reached skill level 5 in Fighting
  8947 | D:7      | Killed a manticore
  9240 | D:7      | Noticed Menkaure
  9263 | D:7      | Killed Menkaure
  9264 | D:7      | Reached XP level 9. HP: 40/40 MP: 19/21
  9388 | D:7      | Noticed a two-headed ogre
  9413 | D:7      | Killed a two-headed ogre
  9414 | D:7      | Reached skill level 5 in Stealth
  9884 | D:7      | HP: 2/41 [poisoned by a water moccasin]
  9886 | D:7      | Slain by a water moccasin
  9887 | D:7      | Reached XP level 8. HP: -2/38 MP: 5/21
  9923 | D:7      | Slain by a vampire mosquito

Illustrated notes

Levels and vault maps discovered:
D:1:      kennysheep_arrival_forest, layout_rooms,
          dreamdust_ecumenical_altar_statues
D:2:      layout_basic, serial_shops, nicolae_shop_statue_plus,
          small_statue_intersection, minmay_cupped
D:3:      layout_basic, nicolae_qazlal_eye_of_the_storm,
          grunt_temple_overflow_cloverleaf, mainiacjoe_overflow_surrounded_room,
          gammafunk_temple_overflow_statue, uniq_crazy_yiuf_cottage
D:4:      layout_basic, overflow_temple_1_default, cheibrodos_worm_habitat,
          nzn_hepliaklqana_mist_gate, gammafunk_temple_overflow_claw,
          temple_green, serial_shops, shop, kennysheep_generic_room_9
D:5:      layout_basic, uniq_prince_ribbit1
D:6:      layout_gridville, nicolae_stop_n_shop_1
D:7:      minmay_the_grid_four_pointed_star
          [minmay_the_grid_triangle_9x9_tough_junction,
          minmay_the_grid_triangle_9x9_sprig,
          minmay_the_grid_triangle_9x9_thin_v,
          minmay_the_grid_triangle_9x9_negative_grid,
          minmay_the_grid_prize_big_room], layout_basic, serial_shops,
          nicolae_stop_n_shop_2, uniq_menkaure, uniq_joseph
Temple:   nicolae_temple_ecumenical_triangle

Skill      XL: |  1  2  3  4  5  6  7  8  9 |
---------------+----------------------------+-----
Fighting       | 1 2 3 5 6 |  6.1
Stealth        | 3 4 5 |  5.0
Summonings     | 5 6 8 |  8.7
Hexes          | 1 2 |  2.2
Spellcasting   | 3 5 7 8 |  8.1
Dodging        | 3 4 |  4.5
Unarmed Combat | 1 |  1.5
Air Magic      | 2 3 |  3.2
Evocations     | 1 |  1.8

Action                   |  1- 3 |  4- 6 |  7- 9 || total
-------------------------+-------+-------+-------++-------
Melee: Unarmed           |    20 |    21 |    47 ||    88
       Bite              |     3 |     3 |     6 ||    12
 Cast: Summon Small Mamm |    21 |    22 |    41 ||    84
       Call Imp          |    11 |    16 |    20 ||    47
       Call Canine Famil |     6 |    38 |    36 ||    80
       Summon Guardian G |       |     3 |     4 ||     7
       Summon Lightning  |       |       |     8 ||     8
Invok: Potion Petition   |       |       |     2 ||     2
Evoke: Wand              |       |     1 |    18 ||    19
  Use: Scroll            |     2 |     3 |     9 ||    14
       Potion            |       |     2 |    14 ||    16
 Stab: Sleeping          |     3 |     6 |     6 ||    15
       Distracted        |       |       |     1 ||     1
Armor: Skin              |     4 |     3 |    13 ||    20
Dodge: Dodged            |    45 |    40 |   124 ||   209
Block: Other             |       |       |    29 ||    29
       Reflection        |       |       |     5 ||     5
